Map: 10000 Feet LE

Players

Reynor

  • Race: Zerg Zerg
  • League: Master
  • Spawn Location: 11:00

trigger - Winner!

  • Race: Protoss Protoss
  • League: Grandmaster
  • Spawn Location: 5:00

VOD

Have the link to the VOD?

Description

Time

  • Played on: Jan. 31, 2026, 11:26 a.m.
  • Length: 9:27
Show
View Real Time Build Order
Export as new Build Order

Reynor Zerg 

Build Orders: Hatch First 

Get SALT Encoding   

  12  0:00  Drone  
  13  0:08  Drone  
  14  0:14  Extractor, Drone  
  15  0:21  Overlord  
  15  0:40  Drone  
  16  0:45  Hatchery  
  16  0:49  Drone  
  16  0:53  Drone  
  18  0:57  Drone  
  18  1:07  Extractor  
  17  1:12  Spawning Pool  
  17  1:15  Drone  
  17  1:19  Drone  
  18  1:26  Drone  
  19  1:38  Drone  
  20  1:47  Drone  
  21  1:58  Zergling x2  
  21  1:59  Queen x2  
  26  2:01  Overlord  
  26  2:09  Drone  
  26  2:10  Drone  
  26  2:13  Metabolic Boost  
  28  2:20  Drone x2  
  30  2:30  Drone x2  
  32  2:38  Queen  
  34  2:46  Hatchery  
  34  2:47  Zergling x2  
  34  2:51  Overlord  
  34  2:53  Drone  
  34  2:55  Zergling x2  
  36  3:03  Overlord  
  36  3:09  Queen, Drone x2  
  36  3:12  Drone  
  41  3:13  Drone  
  41  3:16  Drone  
  41  3:19  Drone  
  44  3:22  Drone x2  
  44  3:23  Drone  
  47  3:28  Overlord  
  47  3:31  Spore Crawler  
  47  3:33  Drone  
  47  3:40  Drone x3  
  50  3:43  Zergling x2  
  50  3:45  Zergling x2  
  52  3:48  Overlord  
  52  3:52  Zergling x4  
  52  3:54  Zergling x2, Roach Warren  
  54  3:58  Zergling x2  
  54  4:00  Drone  
  56  4:03  Drone  
  56  4:05  Extractor  
  56  4:09  Zergling x2  
  57  4:10  Zergling x2  
  57  4:13  Overlord  
  57  4:14  Drone  
  57  4:16  Spore Crawler, Lair  
  58  4:20  Spore Crawler  
  58  4:23  Drone  
  58  4:24  Drone x2  
  58  4:25  Drone  
  58  4:28  Drone x2  
  58  4:30  Zergling x2  
  58  4:31  Zergling x2  
  65  4:35  Overlord  
  65  4:36  Drone  
  67  4:40  Extractor  
  67  4:42  Drone  
  67  4:43  Drone x2  
  67  4:44  Drone  
  70  4:46  Zergling x2  
  70  4:49  Roach  
  73  4:53  Roach x3  
  73  4:59  Zergling x4  
  81  5:02  Zergling x6  
  81  5:04  Overlord  
  84  5:10  Roach x2  
  84  5:12  Roach  
  89  5:14  Overlord  
  89  5:17  Overlord  
  89  5:20  Glial Reconstitution  
  89  5:22  Overseer  
  89  5:24  Overlord  
  89  5:26  Roach  
  90  5:31  Overlord  
  90  5:33  Roach x4  
  90  5:35  Drone  
  97  5:36  Drone  
  97  5:39  Overlord  
  97  5:41  Overlord  
  98  5:45  Roach x2  
  98  5:48  Drone  
  98  5:49  Evolution Chamber  
  102  5:50  Roach  
  102  5:54  Roach x2  
  110  5:57  Roach  
  110  5:58  Roach  
  110  6:03  Roach x2  
  117  6:04  Drone x2  
  117  6:08  Overlord  
  114  6:12  Roach x2  
  114  6:16  Roach x3  
  120  6:19  Zergling x2  
  120  6:20  Zergling x4  
  120  6:23  Overlord  
  120  6:24  Ravager  
  120  6:25  Roach  
  126  6:28  Roach, Zergling x2  
  125  6:33  Roach x2, Zergling x2  
  125  6:35  Overlord  
  125  6:37  Roach  
  125  6:38  Zergling x2  
  125  6:39  Roach  
  119  6:44  Roach x3  
  119  6:49  Roach x2  
  119  6:52  Roach  
  120  6:55  Roach, Zergling x4  
  120  7:00  Roach x2, Zergling x4  
  114  7:02  Zergling x2  
  114  7:03  Zergling x2  
  114  7:07  Roach  
  111  7:11  Queen  
  111  7:12  Roach  
  111  7:14  Roach  
  113  7:17  Roach  
  113  7:19  Queen  
  113  7:21  Roach  
  109  7:25  Roach  
  109  7:26  Queen  
  109  7:29  Roach  
  108  7:31  Roach  
  108  7:35  Roach  
  96  7:39  Roach  
  96  7:43  Roach  
  86  7:45  Roach  
  86  7:49  Roach x2, Zergling x4  
  86  7:51  Zergling x4  
  89  7:55  Roach  
  89  7:56  Roach  
  79  7:59  Zergling x2  
  79  8:02  Ravager  
  79  8:04  Zergling x2  
  79  8:05  Queen  
  80  8:06  Roach  
  80  8:08  Roach  
  81  8:13  Roach  
  81  8:18  Roach x2  
  80  8:24  Roach  
  80  8:28  Roach  
  80  8:29  Roach  
  78  8:34  Roach  
  78  8:39  Roach x2  
  78  8:40  Queen x2  
  82  8:46  Roach x2  
  82  8:49  Zergling x4  
  82  8:52  Zergling x2  
  82  8:53  Zergling x2  
  80  8:56  Ravager  
  80  8:57  Zergling x2  
  80  8:58  Zergling x2  
  76  9:03  Zergling x4, Roach  
  76  9:04  Zergling x2  
  76  9:09  Zergling x2  
  76  9:13  Ravager  
Show
View Real Time Build Order
Export as new Build Order

trigger Protoss - Winner!

Build Orders: 1 Gate Expand, Blink Stalkers 

Get SALT Encoding   

  12  0:00  Probe  
  13  0:12  Probe  
  14  0:20  Pylon  
  14  0:24  Probe  
  15  0:34  Probe  
  15  0:39  Gateway  
  15  0:42  Probe  
  16  0:47  Assimilator  
  17  0:52  Probe  
  18  1:05  Probe  
  19  1:17  Probe  
  20  1:23  Nexus  
  20  1:32  Cybernetics Core  
  20  1:35  Probe  
  21  1:40  Assimilator  
  21  1:47  Probe  
  21  1:50  Pylon  
  22  1:57  Probe  
  23  2:05  Probe  
  23  2:06  Stalker  
  23  2:13  Probe  
  26  2:18  Warp Gate  
  26  2:21  Probe  
  28  2:30  Probe  
  28  2:31  Twilight Council  
  28  2:32  Probe  
  30  2:39  Probe  
  30  2:40  Probe  
  32  2:50  Probe  
  34  2:52  Probe  
  34  2:55  Forge  
  34  3:01  Probe  
  34  3:04  Probe  
  36  3:07  Blink, Protoss Ground Weapons Level 1  
  36  3:09  Probe  
  36  3:16  Gateway, Probe  
  36  3:17  Probe  
  39  3:28  Probe x2, Assimilator  
  41  3:34  Robotics Facility  
  41  3:40  Probe, Assimilator  
  41  3:41  Probe  
  43  3:47  Gateway  
  43  3:52  Probe  
  43  3:53  Pylon  
  44  4:00  Gateway  
  44  4:01  Gateway  
  44  4:03  Gateway  
  44  4:10  Stalker  
  44  4:11  Stalker  
  48  4:18  Warp Prism  
  50  4:31  Pylon  
  50  4:36  Stalker x2  
  50  4:38  Pylon  
  54  4:41  Protoss Ground Weapons Level 2  
  54  4:42  Pylon  
  54  4:48  Observer  
  54  4:55  Gateway  
  55  5:01  Zealot x6  
  67  5:25  Zealot x4  
  75  5:32  Pylon  
  75  5:34  Pylon  
  75  5:38  Pylon  
  75  5:53  Pylon  
  75  5:58  Stalker x6  
  75  6:00  Stalker  
  89  6:24  Stalker x6  
  99  6:31  Zealot  
  97  6:40  Gateway  
  97  6:42  Cybernetics Core  
  93  6:47  Zealot x3  
  91  6:55  Stalker  
  91  6:58  Stalker  
  89  7:03  Stalker  
  89  7:04  Stalker  
  93  7:10  Stalker  
  93  7:14  Stalker  
  89  7:21  Stalker x2  
  81  7:26  Stalker  
  81  7:27  Stalker  
  77  7:30  Zealot  
  77  7:36  Stalker  
  77  7:39  Zealot  
  77  7:46  Stalker  
  77  7:47  Stalker  
  73  7:52  Stalker  
  73  7:53  Stalker  
  75  8:02  Stalker  
  75  8:03  Stalker  
  79  8:11  Zealot  
  79  8:12  Zealot  
  77  8:41  Stalker x7  
  87  9:04  Stalker x5  
  95  9:19  Stalker x2  
Tags
 
Add a new tag
Caveats
  • Supply blocks, unpowered buildings, or Contaminate may cause inaccurate times.
  • Supply counts are checked every 10 seconds.